AoeStats
← Ruipue

Arabia

510175035Analyzed
3v3 RM · 2d ago on Sep 29, 2026· 42m 44s· 6 players
Game mode
Random Map
Map size
Normal (6 player)
Population
200
Speed
Normal
Resources
Standard
Victory
Conquest
Starting age
Dark Age
Ending age
Imperial Age
RankedLock teamsTeams togetherTeam positionsShared explorationLock speedFull tech treeHidden civsTurbo modeCheats
Victory
Defeat
🇦🇹 Vietnamese · Austria
1005
+14
🇫🇷 Lithuanians · France
992
+14
🇺🇸 Dravidians · United States
968
+15
🇦🇷 Tupi · Argentina
1096
-20
🇨🇱 Romans · Chile
927
-13
🇦🇷 Franks · Argentina
837
-28
Stamone05
1:16 Loom
12:37 Feudal Age
13:23 Horse Collar
13:31 Double-Bit Axe
16:26 Fletching
24:38 Padded Archer Armor
24:45 Gold Mining
24:46 Stone Mining
29:01 Castle Age
27:14 Scale Mail Armor
29:45 Crossbowman
30:30 Thumb Ring
30:25 Bodkin Arrow
30:46 Leather Archer Armor
29:54 Pikeman
31:15 Bow Saw
36:57 Ballistics
Slokurn
5:23 Loom
9:48 Feudal Age
17:16 Castle Age
16:31 Bloodlines
20:54 Forging
21:25 Horse Collar
22:33 Scale Barding Armor
22:35 Husbandry
29:21 Chain Barding Armor
33:56 Iron Casting
39:23 Imperial Age
39:30 Cavalier
40:51 Plate Barding Armor
newworldorder
5:42 Loom
10:18 Feudal Age
15:33 Loom
20:28 Castle Age
19:34 Fletching
20:07 Double-Bit Axe
21:05 Crossbowman
25:29 Bow Saw
25:23 Padded Archer Armor
25:59 Squires
25:59 Gold Mining
27:09 Horse Collar
37:03 Imperial Age
35:35 Chatras
38:41 Arbalester
40:50 Chemistry
41:16 Two-Man Saw
40:26 Bodkin Arrow
41:47 Bracer
42:40 Wheelbarrow
43:13 Heavy Plow
efrenaccotto90
11:02 Feudal Age
11:10 Champi Runner
15:02 Double-Bit Axe
14:58 Horse Collar
20:20 Loom
21:11 Wheelbarrow
20:39 Fletching
21:02 Forging
22:12 Gold Mining
24:07 Scale Mail Armor
26:10 Castle Age
26:13 Champi Warrior
26:39 Arson
26:56 Squires
27:00 Heavy Plow
27:11 Bow Saw
27:41 Chain Mail Armor
32:00 Hand Cart
33:53 Pikeman
Ruipue
4:10 Loom
10:48 Feudal Age
11:44 Double-Bit Axe
15:32 Wheelbarrow
17:59 Castle Age
16:29 Horse Collar
20:29 Pikeman
30:53 Hand Cart
30:40 Gold Mining
34:45 Imperial Age
32:40 Fletching
33:01 Forging
36:09 Squires
41:15 Iron Casting
40:41 Scale Mail Armor
40:53 Bow Saw
41:44 Conscription
40:47 Halberdier
mhamity
9:05 Loom
11:00 Feudal Age
12:41 Double-Bit Axe
14:50 Forging
26:12 Castle Age
27:11 Pikeman
27:52 Squires
31:35 Husbandry
Connection lost

Rejoining the realm…

Still unreachable

The connection could not be restored.

Session expired

The server has moved on; the page needs a fresh start.